 Dungeon Crawl Stone Soup version 0.31.0-12-g77e489cdc1 (webtiles) character file.

Game seed: 5236411175361704689

21 lordive the Cudgeller (level 2, -7/27 HPs)
             Began as a Minotaur Monk on Mar 2, 2024.
             Mangled by an ogre
             ... wielding a +0 giant club
              (17 damage)
             ... on level 3 of the Dungeon.
             The game lasted 00:01:09 (1136 turns).

lordive the Cudgeller (Minotaur Monk)               Turns: 1136, Time: 00:01:10

Health: -7/27      AC:  8    Str: 15    XL:     2   Next: 65%
Magic:  1/1        EV: 11    Int:  7    God:
Gold:   108        SH:  0    Dex: 12    Spells: 1/1 levels left

rFire   . . .        a - +0 mace
rCold   . . .        d - orb {light}
rNeg    . . .        i - +0 ring mail
rPois   .            (helmet restricted)
rElec   .            (no cloak)
rCorr   +            (no gloves)
SInv    .            j - +2 pair of boots {rampage}
Will    .....        (no amulet)
Stlth   +            b - ring of resist corrosion
HPRegen 0.24/turn    (no ring)
MPRegen 0.07/turn

%: rampage
@: glowing
A: horns 2, retaliatory headbutt
a: no special abilities


You were on level 3 of the Dungeon.
You visited 1 branch of the dungeon, and saw 3 of its levels.

You collected 108 gold pieces.

Inventory:

Hand Weapons
 a - a +0 mace (weapon)
Missiles
 p - 2 throwing nets (quivered)
Armour
 d - an orb of light (worn)
 i - a +0 ring mail (worn)
 j - a +2 pair of boots of rampaging (worn)
Jewellery
 b - a ring of resist corrosion (left hand)
Scrolls
 e - 2 scrolls of summoning {unknown}
 f - 3 scrolls of noise {unknown}
 g - 2 scrolls of identify {unknown}
 h - 2 scrolls of fog {unknown}
 k - a scroll of torment {unknown}
 l - a scroll of enchant armour {unknown}
 m - 2 scrolls of fear {unknown}
 q - a scroll of vulnerability {unknown}
Potions
 c - a potion of ambrosia
 n - a potion of berserk rage {unknown}
 o - a potion of curing {unknown}
 r - a potion of cancellation {unknown}


   Skills:
 + Level 3.9 Fighting
 + Level 4.1 Maces & Flails
 + Level 0.2 Armour
 + Level 3.7 Dodging


You had one spell level left.
You didn't know any spells.
Your spell library contained the following spells:

 Spells                   Type           Power      Damage    Failure   Level
 Summon Ice Beast         Ice/Summ       0%         N/A       95%         3
 Summon Mana Viper        Hex/Summ       0%         N/A       100%        5
 Monstrous Menagerie      Summ           0%         N/A       100%        7


Dungeon Overview and Level Annotations

Branches:
Dungeon (3/15)

Altars:

Shops:
D:2 [


Innate Abilities, Weirdness & Mutations

You have a pair of horns on your head.
You reflexively headbutt those who attack you in melee.


Message History

Something hits the plant.
You hit the plant.
The plant begins to die.
The plant is lightly damaged.
Something hits the plant.
You thump the plant! You headbutt the plant.
The plant is lightly damaged.
A nearby plant withers and dies.
Your unstable footing causes you to fumble your attack.
A nearby plant withers and dies.
The endoplasm barely misses you. You furiously retaliate!
You headbutt the endoplasm!
You kill the endoplasm!
No target in view!
No target in view!
g - 2 scrolls labelled BYALUNE YNLUT (gained 1)
You enter the shallow water.
Moving in this stuff is going to be slow.
You enter the shallow water.
Moving in this stuff is going to be slow.
You open the door.
An ogre comes into view. It is wielding a +0 giant club.
The ogre shouts!
Found a notched marble ring.
An ogre is nearby!
An ogre is nearby!
An ogre is nearby!
There is an open door here.
You see here a +4 ring of slaying.
You thump the ogre!
The ogre is moderately wounded.
The ogre hits you with a +0 giant club!!
Ouch! That really hurt!
You are too injured to fight recklessly!
You are too injured to fight recklessly!
You are too injured to fight recklessly!
You completely miss the ogre.
The ogre is moderately wounded.
The ogre hits you with a +0 giant club!
Ouch! That really hurt!
You die...

... #.#..# #.#######.# #
...##.#.## #.# #.# #
....#...####.# #+## #
.#.~PP~.<....# #...## #
..~P~~~P###### #.....# #
.P~~P♣~.P#.## ##.......
.P♣♣♣♣♣~....####........
~~ ♣P.PP.....'........
~~ ♣~~PP..####@O......
P~~♣♣♣♣P.#.## ##.......
~~~~♣~~~....# #.....#
### #~~~~~P~###.# #...##
#.. ##.PPPP.# #.# #+##
###.. #.#.##.# #.# #.#
#.... . #.##.# #.# #.#
#.... #.##.# #.# ##.###
#....
#.##.###.#######....##
##...


You could see an ogre.

Vanquished Creatures
  2 bats
  An endoplasm (D:3)
  2 giant cockroaches
  3 goblins
  A hobgoblin (D:1)
  A quokka (D:2)
  3 ball pythons
  5 frilled lizards
  A rat (D:2)
  A spectral goblin (D:1)
20 creatures vanquished.

Notes
Turn   | Place    | Note
-------+----------+-------------------------------------------
     0 | D:1      | lordive the Minotaur Monk began the quest for the Orb.
     0 | D:1      | Reached XP level 1. HP: 19/19 MP: 0/0
   419 | D:1      | Found a faded altar of an unknown god.
   451 | D:1      | Reached XP level 2. HP: 27/27 MP: 1/1
   710 | D:2      | Reached skill level 4 in Maces & Flails
   946 | D:2      | Found Erghiac's Antique Armour Emporium.
   992 | D:2      | You fall into a shaft and drop 1 floor!
  1132 | D:3      | Noticed an ogre
  1136 | D:3      | Mangled by an ogre

Illustrated notes

Levels and vault maps discovered:
D:1:      tekkud_arrival_beachfront_property, layout_loops_ring,
          dreamdust_ecumenical_altar_drowned_temple
D:2:      layout_rooms, serial_curves, eino_curves_03, eino_curves_01,
          serial_shops, shop
D:3:      layout_loops_corners, mainiacjoe_overflow_alcove_2,
          mainiacjoe_overflow_brackets, serial_bayou_pond_c

Skill      XL: |  1  2 |
---------------+-------+-----
Maces & Flails | 4 |  4.1
Fighting       | |  3.9
Armour         | |  0.2
Dodging        | |  3.7

Action                     || total
---------------------------++-------
  Melee: Mace              ||    26
         Headbutt          ||     3
 Armour: Robe              ||     6
         Ring mail         ||     4
  Dodge: Dodged            ||    13
